 Dungeon Crawl Stone Soup version 0.18.1-48-g4cf74bf (webtiles) character file.

12390 Mellonil the Cleaver (level 11, -2/104 HPs)
             Began as a Hill Orc Fighter on Aug 12, 2016.
             Was an Elder of Makhleb.
             Slain by Maud
             ... wielding a +8 scimitar of electrocution
              (16 damage)
             ... on level 9 of the Dungeon.
             The game lasted 01:01:00 (13019 turns).

Mellonil the Cleaver (Hill Orc Fighter)            Turns: 13019, Time: 01:01:01

Health: -2/104     AC: 21    Str: 28    XL:     11   Next: 92%
Magic:  11/11      EV:  7    Int: 12    God:    Makhleb [****..]
Gold:   700        SH: 14    Dex: 10    Spells: 0 memorised, 10 levels left

rFire  . . .     SeeInvis .     a - +1 war axe
rCold  . . .     Gourm    .     B - +0 plate armour
rNeg   . . .     Faith    .     c - +0 shield
rPois  .         Spirit   .     h - +1 hat
rElec  .         Dismiss  .     (no cloak)
rCorr  .         Reflect  .     (no gloves)
SustAt .         Harm     .     D - +2 pair of boots
MR     +....                    (no amulet)
Stlth  ..........               (no ring)
                                k - +2 ring of intelligence

@: mighty, somewhat resistant to hostile enchantments, extremely unstealthy
A: large bone plates 1, clever 1, magic resistance 1
a: Minor Destruction, Lesser Servant of Makhleb, Major Destruction, Renounce
Religion


You were on level 9 of the Dungeon.
You worshipped Makhleb.
Makhleb was greatly pleased with you.
You were not hungry.

You visited 4 branches of the dungeon, and saw 15 of its levels.

You collected 700 gold pieces.

Inventory:

Hand Weapons
 a - a +1 war axe (weapon)
Missiles
 p - 65 sling bullets
Armour
 c - a +0 shield (worn)
 h - a +1 hat (worn)
 y - a +2 ring mail of magic resistance
 B - a +0 plate armour (worn)
 D - a +2 pair of boots (worn)
Jewellery
 k - a +2 ring of intelligence (left hand)
 v - an uncursed ring of sustain attributes
Wands
 b - a wand of digging (17/24)
 g - a wand of digging (7/24)
 t - a wand of lightning (8/15)
 u - a wand of teleportation (4/9)
Scrolls
 e - 7 scrolls of identify
 m - a scroll of enchant weapon
 n - a scroll of remove curse
 r - 3 scrolls of teleportation
 C - a scroll of random uselessness {unknown}
 G - a scroll of fog
Potions
 j - a potion of berserk rage
 l - 2 potions of cure mutation
 o - a potion of cancellation
 q - a potion of flight
 w - a potion of curing
 x - 2 potions of brilliance {unknown}
 A - a potion of invisibility
Comestibles
 f - 12 bread rations
 i - 7 meat rations
 z - 2 beef jerkies
 E - a fruit
 F - a chunk of flesh


   Skills:
 + Level 11.8 Fighting
 + Level 12.2 Axes
 + Level 10.6 Armour
 + Level 10.6 Shields


You had 10 spell levels left.
You didn't know any spells.

Dungeon Overview and Level Annotations

Branches:
Dungeon (12/15)            Temple (1/1) D:5            Lair (1/8) D:8
    Orc (1/2) D:9

Altars:
Ashenzari
Cheibriados
Dithmenos
Elyvilon
Fedhas
Gozag
Kikubaaqudgha
Makhleb
Nemelex Xobeh
Okawaru
Pakellas
Qazlal
Ru
Sif Muna
Trog
Vehumet
Xom
Yredelemnul
Zin
The Shining One

Annotations:
D:9 Maud
D:12 Frances


Innate Abilities, Weirdness & Mutations

You are partially covered in large bone plates (AC +2, SH +2).
Your mind is acute. (Int +2)
You are resistant to hostile enchantments.


Message History

* * * LOW HITPOINT WARNING * * *
Drink which item? (? for menu, Esc to quit)
You feel much better.
You hit Maud but do no damage.
Maud is almost dead.
You block Maud's attack.
You completely miss Maud.
Maud is almost dead.
Maud hits you with a scimitar of electrocution!!
* * * LOW HITPOINT WARNING * * *
You hit Maud.
Maud is almost dead.
Maud hits you with a scimitar of electrocution!!
* * * LOW HITPOINT WARNING * * *
Drink which item? (? for menu, Esc to quit)
You feel better.
Drink which item? (? for menu, Esc to quit)
You feel very mighty all of a sudden. Maud hits you but does no damage.
You are electrocuted!
You die...

##.## ####.#####
#.# ####.[.## #.#
#.# ###.......###
#.# #####.####
............# #.#
#.........
###.##..###.#####.#
#.###.....
....##..# #.......#
#.(.......
........###.###.###
########..
#######.....# #.##
### #.##### #@@#
#.##########
#.......#
####..####.#
##.##..####.#
#.#..>....#.#
####.##..##.#.# ###
#........##.#.# #..
..........#.#.#####
#.#


You could see Maud.

Vanquished Creatures
  Gastronok (D:8)
  An unseen horror (D:10)
  2 hill giants
  Pikel (D:8)
  A manticore (D:11)
  The ghost of Elriks the Ruffian, a novice TrMo of Cheibriados (D:6)
  Maurice (D:8)
  A centaur zombie (D:11)
  A spiny frog (Lair:1)
  A komodo dragon (Lair:1)
  2 trolls
  3 yaks (D:11)
  A spriggan (D:10)
  A vampire (D:10)
  A hippogriff (D:10)
  A hungry ghost (D:10)
  2 wargs (Orc:1)
  3 water moccasins
  The ghost of torvon the Stinger, an amateur SpVM (D:4)
  2 black bears
  4 orc warriors
  2 slaves (D:8)
  5 sky beasts
  5 ice beasts
  3 ogres
  A wasp (D:10)
  A necrophage (D:8)
  2 centaurs
  8 giant frogs
  A gnoll sergeant (D:11)
  3 scorpions
  A wyvern skeleton (D:9)
  2 water moccasin skeletons
  11 killer bees (D:9)
  3 howler monkeys (D:9)
  7 crimson imps
  3 hounds
  5 orc priests
  2 giant frog skeletons
  5 orc wizards
  3 jellies
  An iguana (D:11)
  7 worker ants
  5 sheep (Lair:1)
  A hound skeleton (D:9)
  2 worker ant zombies
  8 gnolls
  12 adders
  A shadow imp (D:10)
  An adder zombie (D:9)
  7 worms
  2 dart slugs (D:1)
  6 giant geckos
  45 orcs
  3 bats
  7 giant cockroaches
  5 hobgoblins
  13 jackals
  5 kobolds
  4 quokkas
  4 ball pythons
  4 giant newts
  11 goblins
  A jackal zombie (D:7)
  A quokka skeleton (D:7)
  6 rats
  A plant (D:9)
268 creatures vanquished.

Vanquished Creatures (others)
  A crimson imp (D:9)
1 creature vanquished.

Grand Total: 269 creatures vanquished

Notes
Turn   | Place    | Note
--------------------------------------------------------------
     0 | D:1      | Mellonil the Hill Orc Fighter began the quest for the Orb.
     0 | D:1      | Reached XP level 1. HP: 19/19 MP: 1/1
   102 | D:1      | Reached XP level 2. HP: 26/27 MP: 2/2
   236 | D:1      | Reached skill level 3 in Axes
   542 | D:1      | Reached XP level 3. HP: 29/33 MP: 3/3
  1002 | D:2      | Reached XP level 4. HP: 11/40 MP: 4/4
  1428 | D:2      | Found an ancient bone altar of Kikubaaqudgha.
  2200 | D:3      | Reached skill level 4 in Axes
  2200 | D:3      | Reached XP level 5. HP: 37/47 MP: 5/5
  2868 | D:4      | Found an iron altar of Okawaru.
  3156 | D:4      | Found a shattered altar of Ashenzari.
  3166 | D:4      | Reached skill level 5 in Fighting
  3166 | D:4      | Reached XP level 6. HP: 56/56 MP: 6/6
  3500 | D:4      | Noticed torvon's ghost (amateur SpVM)
  3521 | D:4      | Killed torvon's ghost
  3521 | D:4      | Reached skill level 5 in Axes
  3521 | D:4      | Reached skill level 5 in Armour
  3873 | D:4      | Reached XP level 7. HP: 53/61 MP: 7/7
  3995 | D:4      | Reached skill level 5 in Shields
  4279 | D:5      | Entered Level 5 of the Dungeon
  4992 | D:5      | Found a staircase to the Ecumenical Temple.
  4996 | Temple   | Entered the Ecumenical Temple
  5033 | Temple   | Became a worshipper of Makhleb the Destroyer
  5248 | D:5      | Reached skill level 6 in Axes
  5544 | D:6      | Reached XP level 8. HP: 62/71 MP: 8/8
  5969 | D:6      | Noticed Elriks's ghost (novice TrMo)
  6045 | D:7      | Reached skill level 7 in Axes
  6649 | D:7      | Reached * piety under Makhleb
  7166 | D:7      | Reached XP level 9. HP: 79/79 MP: 9/9
  7265 | D:7      | Reached skill level 8 in Axes
  7442 | D:8      | Noticed Pikel
  7465 | D:8      | Killed Pikel
  7669 | D:8      | Found a staircase to the Lair.
  7669 | D:8      | Noticed Gastronok
  7713 | D:8      | Killed Gastronok
  7713 | D:8      | Reached skill level 9 in Axes
  7713 | D:8      | Reached XP level 10. HP: 61/91 MP: 10/10
  8083 | D:8      | Noticed Maurice
  8111 | D:8      | Killed Maurice
  8111 | D:8      | Reached skill level 10 in Axes
  8506 | D:8      | Gained mutation: You are partially covered in large bone plates (AC +2, SH +2). [potion of beneficial mutation]
  8507 | D:8      | Gained mutation: Your mind is acute. (Int +2) [potion of beneficial mutation]
  8508 | D:8      | Gained mutation: You are resistant to hostile enchantments. [potion of beneficial mutation]
  8613 | D:9      | Found a glowing golden altar of the Shining One.
  8702 | D:9      | Reached ** piety under Makhleb
  9130 | D:9      | Reached skill level 10 in Fighting
  9403 | D:9      | Reached *** piety under Makhleb
  9623 | D:9      | Found a staircase to the Orcish Mines.
  9943 | D:10     | Entered Level 10 of the Dungeon
 10064 | D:10     | Noticed a hill giant
 10066 | D:10     | Reached skill level 11 in Axes
 10066 | D:10     | Reached XP level 11. HP: 50/101 MP: 11/11
 10077 | D:10     | Killed a hill giant
 10411 | D:10     | Found a blossoming altar of Fedhas.
 10630 | D:10     | Killed an unseen horror
 10630 | D:10     | Reached skill level 10 in Shields
 11111 | D:6      | Killed Elriks's ghost
 11111 | D:6      | Reached skill level 10 in Armour
 11501 | Lair:1   | Entered Level 1 of the Lair of Beasts
 11721 | Lair:1   | Noticed a five-headed hydra
 11985 | D:11     | Noticed a hill giant
 11998 | D:11     | Killed a hill giant
 12115 | D:11     | Reached **** piety under Makhleb
 12141 | D:11     | Reached skill level 12 in Axes
 12519 | D:11     | Noticed a manticore
 12628 | D:11     | Killed a manticore
 12789 | D:12     | Noticed Frances
 12905 | Orc:1    | Entered Level 1 of the Orcish Mines
 12982 | Orc:1    | Noticed Maud
 13017 | D:9      | HP: 4/104 [Maud/scimitar of electrocution (27)]
 13019 | D:9      | Slain by Maud

Skill      XL: |  1  2  3  4  5  6  7  8  9 10 11 |
---------------+----------------------------------+-----
Axes           | 3 4 5 6 7 9 11 12 | 12.2
Fighting       | 4 5 6 7 9 10 11 | 11.8
Armour         | 4 5 7 8 9 10 | 10.6
Shields        | 4 5 6 8 9 10 | 10.6

Action                   |  1- 3 |  4- 6 |  7- 9 | 10-12 || total
-------------------------+-------+-------+-------+-------++-------
Melee: War axe           |   106 |   263 |   312 |   702 ||  1383
  Use: Potion            |       |     1 |       |    16 ||    17
       Scroll            |       |       |    14 |     3 ||    17
  Eat: Chunk             |       |     9 |    10 |    17 ||    36
       Fruit             |       |     5 |       |       ||     5
       Beef jerky        |       |       |       |     1 ||     1
Armor: Scale mail        |    36 |    69 |       |       ||   105
       Ring mail         |       |    33 |    72 |       ||   105
       Plate armour      |       |       |    32 |   347 ||   379
Dodge: Dodged            |    33 |    70 |    65 |   104 ||   272
Block: Shield            |    51 |   123 |   131 |   449 ||   754
